 Dungeon Crawl Stone Soup version 0.31.0-10-gcf4a605ca0 (webtiles) character file.

Game seed: 4286056022119412725

5397 solopath the Grappler (level 10, 0/132 HPs)
             Began as a Troll Fighter on Jan 26, 2024.
             Was a Follower of Wu Jian.
             Shot with a bolt by an orc warrior (1 damage)
             ... in a bailey.
             The game lasted 00:10:44 (7188 turns).

solopath the Grappler (Troll Fighter)               Turns: 7188, Time: 00:10:45

Health: 0/132      AC: 25    Str: 25    XL:     10   Next: 40%
Magic:  9/9        EV:  1    Int: 10    God:    Wu Jian [*.....]
Gold:   675        SH:  9    Dex: 10    Spells: 9/9 levels left

rFire   . .          .
                       - Unarmed
rCold   . . .        b - +0 kite shield
rNeg    . . .        a - melded +0 robe
rPois   +            (helmet currently unavailable)
rElec   .            i - melded +0 cloak
rCorr   .            (gloves unavailable)
SInv    .            (boots unavailable)
Will    .....        u - amulet of the acrobat
Stlth   +            (no ring)
HPRegen 1.22/turn    (no ring)
MPRegen 0.11/turn

%: acrobat
@: tree-form
A: stationary, stasis, torment immunity, boosted hp, large, unfitting armour,
(claws 3), regeneration 1, (shaggy fur 1), (tough skin 1), (talons 1), clever 1,
(heat vulnerability 1), (sturdy frame 1)
a: Renounce Religion


You were in a bailey.
You worshipped Wu Jian.
Wu Jian was aware of your devotion.
You were a tree.
You visited 2 branches of the dungeon, and saw 10 of its levels.
You also visited: Bailey.

You collected 675 gold pieces.

Inventory:

Missiles
 l - 4 curare-tipped darts
 r - 21 poisoned darts (quivered)
 B - 4 atropa-tipped darts
Armour
 a - a +0 robe (melded)
 b - a +0 kite shield (worn)
 i - a +0 cloak (melded)
Jewellery
 p - an amulet of faith
 u - an amulet of the acrobat (around neck)
 y - a ring of ice
Talismans
 m - a flux talisman
 v - a maw talisman
Wands
 j - a wand of roots (3)
 s - a wand of flame (20)
 x - a wand of mindburst (24)
 z - a wand of light (9)
Scrolls
 e - 4 scrolls of teleportation
 f - a scroll of vulnerability
 g - 3 scrolls of identify
 h - a scroll of noise
 k - 2 scrolls of fear
 n - a scroll of enchant weapon
 o - a scroll of silence
 w - a scroll of torment
 A - a scroll of immolation
Potions
 c - a potion of might
 d - a potion of curing
 t - a potion of ambrosia


   Skills:
 + Level 2.6 Fighting
 - Level 2.5 Dodging
 - Level 7.6 Shields
 * Level 11.2 Unarmed Combat
 + Level 6.8 Shapeshifting


You had 9 spell levels left.
You didn't know any spells.
Your spell library contained the following spells:

 Spells                   Type           Power      Damage    Failure   Level
 Freeze                   Ice            0%         1d3       56%         1
 Kiss of Death            Conj/Necr      0%         2d5       56%         1
 Call Imp                 Summ           0%         N/A       71%         2
 Sublimation of Blood     Necr           0%         N/A       71%         2
 Confusing Touch          Hex            0%         N/A       91%         3
 Frozen Ramparts          Ice            0%         1d1       91%         3
 Hailstorm                Conj/Ice       0%         3d5       91%         3
 Inner Flame              Hex/Fire       0%         N/A       91%         3
 Summon Ice Beast         Ice/Summ       0%         N/A       91%         3
 Dispel Undead            Necr           0%         3d6       100%        4
 Irradiate                Conj/Alch      0%         3d11      100%        5
 Sculpt Simulacrum        Ice/Alch       0%         N/A       100%        6
 Summon Hydra             Summ           0%         N/A       100%        7
 Ignition                 Fire           0%         3d3       100%        8


Dungeon Overview and Level Annotations

Branches:
Dungeon (9/15)             Temple (1/1) D:6            Lair (0/5) D:8
    Orc (0/2) D:9          Bailey (1/1)

Altars:
Ashenzari
Cheibriados
Dithmenos
Elyvilon
Fedhas
Gozag
Hepliaklqana
Kikubaaqudgha
Makhleb
Nemelex Xobeh
Okawaru
Qazlal
Ru
Sif Muna
Trog
Uskayaw
Vehumet
Wu Jian
Xom
Yredelemnul
The Shining One

Shops:
D:8 [


Innate Abilities, Weirdness & Mutations

You are a tree.
Your roots penetrate the ground, keeping you stationary.
You cannot be teleported.
You are immune to unholy pain and torment.
Your maximum health is greatly increased.
Your equipment is partially melded.
You are too large for most types of armour.
((You have claws for hands.))
Your natural rate of healing is unusually fast.
((You are covered in fur. (AC +1)))
((You have tough skin. (AC +1)))
((You have sharp toenails.))
Your mind is acute. (Int +4, Str/Dex -1)
((You are vulnerable to heat. (rF-)))
((Your movements are slightly less encumbered by armour. (ER -2)))


Message History

* * * LOW HITPOINT WARNING * * *
You block the kobold brigand's attack.
The orc warrior hits you but does no damage.
Unknown command.
You smack the orc warrior!
The orc warrior is moderately wounded.
You feel yourself speed up.
The kobold brigand hits you but does no damage.
You block the orc warrior's attack.
Unknown command.
You hit the orc warrior but do no damage.
The orc warrior is moderately wounded.
The kobold brigand hits you with a +0 war axe!
* * * LOW HITPOINT WARNING * * *
The orc warrior hits you but does no damage.
Unknown command.
You hit the orc warrior.
The orc warrior is heavily wounded.
The kobold brigand hits you but does no damage.
The orc warrior hits you with a +0 war axe.
* * * LOW HITPOINT WARNING * * *
Unknown command.
You closely miss the orc warrior.
The orc warrior is heavily wounded.
You block the kobold brigand's attack. You block the orc warrior's attack.
You smack the orc warrior!
The orc warrior is almost dead.
The kobold brigand hits you but does no damage.
You hit the orc warrior.
You kill the orc warrior!
The Council accepts your kill.
The orc warrior shoots a bolt.
The bolt hits you but does no damage. You block the kobold brigand's attack.
You closely miss the kobold brigand.
The orc warrior shoots a bolt.
You block the bolt.
The kobold brigand hits you but does no damage.
You miss the kobold brigand.
The orc warrior shoots a bolt.
The bolt hits you!
* * * LOW HITPOINT WARNING * * *
The bolt burns you.
You die...

##~~(......~~#####
..~~((.....~~....#
##~~.......~~###.#
..~~.......~~....#
##~~.......~~###.#
..~~.......~~....#
##~~.......~~###.#
..~~.......~~..).#
##~~.......~~###♣#
..~~.......~~)o)K#
##~~.......~~#####
##~.......~##
####'''####
##.....##
#∩.....∩#
#...8...#
##...K.##


You could see an orc warrior and a kobold brigand.

Vanquished Creatures
  A boulder beetle (D:7)
  2 trolls (D:8)
  Grinder (D:3)
  A shadow (D:9)
  A steam dragon (D:8)
  Duvessa (D:6)
  3 black bears
  5 orc warriors
  4 sky beasts
  An ogre (D:5)
  3 wolves (D:8)
  A phantom (D:6)
  Blork the orc (D:6)
  6 kobold brigands
  3 bullfrogs
  3 scorpions
  Dowan (D:6)
  5 wights
  A howler monkey (D:6)
  6 bombardier beetles
  6 hounds
  A jelly (D:4)
  5 orc priests
  A gnoll bouda (D:8)
  3 iguanas
  2 sleepcaps
  4 orc wizards
  3 gnolls (D:8)
  12 adders
  A shadow imp (D:4)
  A white imp (D:8)
  2 dart slugs
  3 ribbon worms
  16 orcs
  5 endoplasms
  A giant cockroach (D:2)
  7 goblins
  4 hobgoblins
  9 jackals
  2 quokkas
  10 ball pythons
  4 bats
  5 frilled lizards
  11 kobolds
  23 rats
191 creatures vanquished.

Notes
Turn   | Place    | Note
-------+----------+-------------------------------------------
     0 | D:1      | solopath the Troll Fighter began the quest for the Orb.
     0 | D:1      | Reached XP level 1. HP: 22/22 MP: 0/0
   144 | D:1      | Reached XP level 2. HP: 29/29 MP: 1/1
   399 | D:1      | Found a faded altar of an unknown god.
   597 | D:1      | Reached skill level 3 in Unarmed Combat
   918 | D:2      | Reached XP level 3. HP: 36/36 MP: 2/2
   998 | D:2      | Found an ancient bone altar of Kikubaaqudgha.
  1337 | D:2      | Reached XP level 4. HP: 44/44 MP: 3/3
  1438 | D:3      | Found a hide-covered altar of Uskayaw.
  1490 | D:3      | Reached skill level 1 in Shapeshifting
  2250 | D:3      | Reached skill level 4 in Unarmed Combat
  2251 | D:3      | Noticed Grinder
  2256 | D:3      | Reached XP level 5. HP: 37/50 MP: 4/4
  2266 | D:3      | Paralysed by Grinder for 3 turns
  2274 | D:3      | Killed Grinder
  2275 | D:3      | Reached skill level 5 in Unarmed Combat
  2275 | D:3      | Reached XP level 6. HP: 59/59 MP: 5/5
  2536 | D:4      | Reached XP level 7. HP: 65/66 MP: 6/6
  2861 | D:4      | Reached skill level 6 in Unarmed Combat
  3171 | D:5      | Entered Level 5 of the Dungeon
  3209 | D:5      | Found a shadowy altar of Dithmenos.
  3261 | D:5      | Gained mutation: Your movements are slightly less
                  | encumbered by armour. (ER -2) [potion of mutation]
  3261 | D:5      | Gained mutation: You are vulnerable to heat. (rF-) [potion
                  | of mutation]
  3261 | D:5      | Gained mutation: You have sharp toenails. [potion of
                  | mutation]
  3261 | D:5      | Gained mutation: Your mind is acute. (Int +4, Str/Dex -1)
                  | [potion of mutation]
  3513 | D:5      | Reached skill level 5 in Shields
  3700 | D:5      | Reached XP level 8. HP: 74/74 MP: 7/7
  3915 | D:6      | Found an ancient bone altar of Kikubaaqudgha.
  3971 | D:6      | Reached skill level 7 in Unarmed Combat
  4018 | D:6      | Noticed Duvessa
  4018 | D:6      | Noticed Blork the orc
  4019 | D:6      | Noticed Dowan
  4037 | D:6      | Killed Duvessa
  4044 | D:6      | Killed Dowan
  4050 | D:6      | Killed Blork the orc
  4308 | D:6      | Found a shimmering altar of Xom.
  4494 | D:6      | Reached skill level 8 in Unarmed Combat
  4749 | D:6      | Found a staircase to the Ecumenical Temple.
  4832 | D:6      | Found a basalt altar of Yredelemnul.
  5025 | D:7      | Reached skill level 5 in Shapeshifting
  5025 | D:7      | Reached XP level 9. HP: 79/80 MP: 8/8
  5091 | D:6      | Reached skill level 9 in Unarmed Combat
  5398 | D:7      | Noticed a boulder beetle
  5408 | D:7      | Killed a boulder beetle
  5409 | D:7      | Reached skill level 10 in Unarmed Combat
  5914 | Temple   | Entered the Ecumenical Temple
  5920 | Temple   | Became a worshipper of the Wu Jian Council
  6051 | D:8      | Noticed a troll
  6074 | D:8      | Killed a troll
  6136 | D:8      | Found a staircase to the Lair.
  6163 | D:8      | HP: 3/73 [wolf (9)]
  6170 | D:8      | Reached XP level 10. HP: 10/88 MP: 9/9
  6457 | D:8      | Found the +18 Lear's hauberk
  6579 | D:8      | Found Wuecsux's Armour Shoppe.
  6942 | D:9      | Found a flagged portal.
  6967 | Bailey   | Entered a bailey
  6980 | Bailey   | Reached * piety under Wu Jian
  7008 | Bailey   | Reached skill level 11 in Unarmed Combat
  7188 | Bailey   | HP: 1/132 [orc warrior/bolt (14)]
  7188 | Bailey   | Shot with a bolt by an orc warrior

Illustrated notes

Levels and vault maps discovered:
D:1:      noname_arrival_rooms_in_the_neighbourhood, layout_loops_corners,
          ebering_ecumenical_altar_petrified
D:2:      layout_rooms, basic_altar, minmay_rat_hole
D:3:      layout_loops_corners, nicolae_uskayaw_murder_on_the_dancefloor,
          grunt_decor_mini_mirrors, uniq_grinder
D:4:      layout_loops_ring
D:5:      layout_gridville, lemuel_round_altar
D:6:      layout_loops_ring, amcnicky_altar_gilded,
          mainiacjoe_overflow_alcove_2, nicolae_kikubaaqudgha_miasma_corner,
          minmay_temple_entry_enclosed_plants, uniq_duvessa, uniq_blork_the_orc
D:7:      layout_basic, nrook_mini_vaults, minmay_liquid_box, nicolae_sextant
D:8:      layout_loops_ring, erik_lair_island, serial_shops,
          nicolae_shop_statue_plus, hellmonk_guarded_unrand_lears
D:9:      layout_loops_ring, hiddenorc1_lemuel, enter_bailey_5,
          small_statue_intersection
Temple:   compressed_dpeg_triangle_lava_temple
Bailey:   bailey_axe_3, bailey

Skill      XL: |  1  2  3  4  5  6  7  8  9 10 |
---------------+-------------------------------+-----
Shields        | 3 4 5 6 7 |  7.6
Unarmed Combat | 3 4 5 6 8 10 11 | 11.2
Shapeshifting  | 1 2 3 5 6 |  6.8
Fighting       | |  2.6
Dodging        | |  2.5

Action                     |  1- 3 |  4- 6 |  7- 9 | 10-12 || total
---------------------------+-------+-------+-------+-------++-------
  Melee: Unarmed           |   107 |   106 |   306 |    98 ||   617
         Kick              |       |       |    62 |    23 ||    85
  Throw: Dart              |       |       |     6 |     3 ||     9
Ability: Lunge             |       |       |     1 |     5 ||     6
         Whirlwind         |       |       |       |     3 ||     3
    Use: Potion            |       |     2 |     7 |     2 ||    11
         Scroll            |       |     2 |     8 |     3 ||    13
   Stab: Sleeping          |     1 |     1 |     1 |       ||     3
 Armour: Robe              |    56 |    53 |   203 |    57 ||   369
         Skin              |       |    17 |    22 |    22 ||    61
  Dodge: Dodged            |    24 |    40 |   107 |    39 ||   210
  Block: Kite shield       |    39 |    32 |    92 |    48 ||   211
   Form: Flux              |       |       |     1 |       ||     1
                           |       |       |       |     1 ||     1
